Map: Kairos Junction LE

Players

SandboX - Winner!

  • Race: Zerg Zerg
  • League: Gold
  • Spawn Location: 11:00

NIMBLE

  • Race: Zerg Zerg
  • Spawn Location: 5:00

VOD

Have the link to the VOD?

Description

Time

  • Played on: Aug. 10, 2019, 4:57 p.m.
  • Length: 5:27
Show
View Real Time Build Order
Export as new Build Order

SandboX Zerg - Winner!

Build Orders: Hatch First, Zergling Baneling 

Get SALT Encoding   

  12  0:01  Drone  
  13  0:12  Overlord  
  13  0:16  Drone  
  14  0:34  Drone x2  
  14  0:35  Drone  
  17  0:55  Hatchery  
  16  0:59  Drone  
  16  1:00  Drone  
  18  1:04  Extractor  
  17  1:16  Spawning Pool  
  16  1:20  Drone  
  16  1:23  Drone  
  18  1:29  Drone  
  19  1:39  Overlord  
  19  2:04  Zergling x4  
  19  2:07  Zergling x2  
  19  2:08  Queen x2  
  26  2:12  Metabolic Boost  
  26  2:16  Drone  
  26  2:20  Drone  
  28  2:31  Drone x2  
  30  2:48  Hatchery  
  29  3:00  Baneling Nest  
  29  3:01  Drone x3  
  29  3:05  Drone  
  32  3:07  Drone  
  32  3:11  Drone  
  34  3:25  Zergling x4  
  36  3:27  Overlord x2  
  36  3:38  Overlord x2  
  36  4:02  Baneling x3  
  36  4:03  Baneling x7  
  36  4:07  Zergling x18  
  45  4:13  Zergling x4  
  46  4:37  Zergling x16  
Show
View Real Time Build Order
Export as new Build Order

NIMBLE Zerg 

Build Orders: 1 Base Baneling Bust, Pool Only 

Get SALT Encoding   

  12  1:33  Extractor  
  11  1:46  Overlord  
  11  1:53  Drone  
  12  2:10  Drone  
  13  2:17  Drone  
  14  2:33  Drone  
  15  3:10  Spawning Pool  
  15  3:12  Drone  
  15  3:17  Drone  
  14  4:29  Baneling Nest  
Tags
 
Add a new tag
Caveats
  • Supply blocks, unpowered buildings, or Contaminate may cause inaccurate times.
  • Supply counts are checked every 10 seconds.